 Dungeon Crawl Stone Soup version 0.29.1-15-g9cfb28693d (webtiles) character file.

Game seed: 12951518500364971586

9 leafyfresh the Sneak (level 2, -5/21 HPs)
             Began as an Octopode Delver on Apr 3, 2023.
             Slain by a gnoll
             ... wielding a +0 flail
             ... led by a gnoll bouda
              (8 damage)
             ... on level 5 of the Dungeon.
             The game lasted 00:00:21 (369 turns).

leafyfresh the Sneak (Octopode Delver)               Turns: 369, Time: 00:00:21

Health: -5/21      AC:  1    Str: 11    XL:     2   Next: 12%
Magic:  2/2        EV: 13    Int: 12    God:
Gold:   19         SH:  0    Dex: 13    Spells: 1/1 levels left

rFire   . . .      SeeInvis .   a - +0 short sword
rCold   . . .      Faith    .   (no shield)
rNeg    . . .      Spirit   .   (helmet restricted)
rPois   .          Reflect  .   (no amulet)
rElec   .          Harm     .   (no ring)
rCorr   .          Rampage  .   (no ring)
Will    .....                   (no ring)
Stlth   ++++......              (no ring)
HPRegen 0.07/turn               (no ring)
MPRegen 0.08/turn               (no ring)
                                (no ring)
                                (no ring)

@: no status effects
A: almost no armour, amphibious, 8 rings, camouflage 1, gelatinous body 1,
(nimble swimmer 1), tentacles
a: no special abilities


You were on level 5 of the Dungeon.
You visited 1 branch of the dungeon, and saw 1 of its levels.

You collected 19 gold pieces.

Inventory:

Hand Weapons
 a - a +0 short sword (weapon)
Wands
 f - a wand of digging (3)
Scrolls
 b - a scroll of fog
 c - a scroll of magic mapping
 d - a scroll of fear
 g - a scroll of summoning {unknown}
Potions
 e - a potion of haste


   Skills:
 + Level 3.2 Fighting
 - Level 2.0 Short Blades
 + Level 2.2 Dodging
 + Level 6.8 Stealth


You had one spell level left.
You didn't know any spells.
Your spell library was empty.

Dungeon Overview and Level Annotations

Branches:
Dungeon (5/15)
 Temple: D:4-7

Altars:


Innate Abilities, Weirdness & Mutations

You cannot wear most types of armour.
You are amphibious.
You can wear up to eight rings at the same time.
Your skin changes colour to match your surroundings (Stealth+).
Your rubbery body absorbs attacks. (AC +1, EV +1)
((You are camouflaged when in or above water. (Stealth+)))
You have tentacles for arms and can constrict up to eight enemies at once.


Message History

HP restored.
g - a scroll labelled MEISHR RALAI No target in view!
You now have 19 gold pieces.
A gnoll comes into view. It is wielding a +0 flail.
A gnoll bouda comes into view. It is wielding a +0 club.
There are monsters nearby!
A gnoll comes into view. It is wielding a +0 whip.
The gnoll bouda gazes fiercely through you!
You feel your attacks grow feeble.
The gnoll shouts!
You hear a shout!
There are monsters nearby! 3 gnolls come into view.
The gnoll shouts! x2
The gnoll bouda barks out a call to the hunt!
The gnolls pick up the pace!
The gnoll moves out of view.
Unknown command.
Your attacks no longer feel as feeble.
You see here 12 gold pieces.
The gnoll hits you with a +0 flail! The gnoll hits you with a +0 flail.
The gnoll attacks as you move away! The gnoll hits you with a +0 flail.
The gnoll completely misses you. The gnoll attacks as you move away!
The gnoll hits you with a +0 flail. The gnoll hits you with a +0 flail.
* * * LOW HITPOINT WARNING * * *
The gnoll is no longer moving quickly.
The gnoll barely misses you. The gnoll attacks as you move away!
The gnoll closely misses you.
The gnoll is no longer moving quickly.
The gnoll attacks as you move away! The gnoll closely misses you.
The gnoll is no longer moving quickly. 2 gnolls come into view.
A gnoll bouda comes into view. It is wielding a +0 club.
The gnoll bouda shouts!
The gnoll shouts!
A gnoll comes into view. It is wielding a +2 vorpal spear.
You hear a shout!
The gnoll shouts!
The gnoll attacks as you move away! The gnoll hits you with a +0 flail!
You die...

..g....#..........#
##
##.....###.###...##
# ##.... ...# ##g##
. ########## #.# ##
#g# # #.# # ####g#
#.gg.# #@#### #.#
#.# ... ..g .g.g.
..... #....g.


You could see a gnoll bouda and 6 gnolls.

Vanquished Creatures
  An adder (D:5)
1 creature vanquished.

Notes
Turn   | Place    | Note
-------+----------+-------------------------------------------
     0 | D:5      | leafyfresh the Octopode Delver began the quest for the Orb.
     0 | D:5      | Reached XP level 1. HP: 16/16 MP: 1/1
    35 | D:5      | Reached XP level 2. HP: 8/21 MP: 2/2
   369 | D:5      | Slain by a gnoll

Illustrated notes

Levels and vault maps discovered:
D:5:      layout_loops_ring, temple_hall

Action                   || total
-------------------------++-------
Melee: Short sword       ||     3
       Constrict         ||     1
       Tentacles         ||     1
Dodge: Dodged            ||     6
